 Dungeon Crawl Stone Soup version 0.31.0-11-ge490571c62 (webtiles) character file.

Game seed: 10540448793315102568

59 browni3141 the Slasher (level 4, 0/37 HPs)
             Began as a Barachi Monk on Feb 2, 2024.
             Hit by a boomerang thrown by an orc (4 damage)
             ... on level 5 of the Dungeon.
             The game lasted 00:04:02 (605 turns).

browni3141 the Slasher (Barachi Monk)                Turns: 605, Time: 00:04:03

Health: 0/37       AC:  2    Str: 12    XL:     4   Next: 3%
Magic:  8/8        EV: 13    Int: 12    God:
Gold:   69         SH:  0    Dex: 15    Spells: 8/8 levels left

rFire   + . .        a - +0 falchion
rCold   . . .        d - orb {light}
rNeg    . . .        b - +0 robe
rPois   .            (no helmet)
rElec   .            (no cloak)
rCorr   .            (no gloves)
SInv    .            (no boots)
Will    .....        (no amulet)
Stlth   +            h - ring of protection from fire
HPRegen 0.26/turn    (no ring)
MPRegen 0.11/turn

%: no passive effects
@: unable to hop, glowing, slow
A: amphibious, slowness 1, strong legs 1, +LOS
a: Hop


You were on level 5 of the Dungeon.
You visited 1 branch of the dungeon, and saw 6 of its levels.

You collected 69 gold pieces.

Inventory:

Hand Weapons
 a - a +0 falchion (weapon)
Armour
 b - a +0 robe (worn)
 d - an orb of light (worn)
Jewellery
 h - a ring of protection from fire (left hand)
Scrolls
 f - a scroll of enchant weapon {unknown}
Potions
 e - 3 potions of might {unknown}
 g - a potion of heal wounds {unknown}
 i - a potion of attraction {unknown}
 j - a potion of degeneration {unknown}
 k - a potion of brilliance {unknown}
 l - a potion of enlightenment {unknown}
 m - a potion of mutation {unknown}


   Skills:
 - Level 3.9 Fighting
 - Level 3.9 Long Blades
 - Level 3.5 Dodging
 + Level 2.7 Spellcasting


You had 8 spell levels left.
You didn't know any spells.
Your spell library contained the following spells:

 Spells                   Type           Power      Damage    Failure   Level
 Fugue of the Fallen      Necr           1%         N/A       58%         3
 Ozocubu's Armour         Ice            1%         N/A       58%         3
 Manifold Assault         Tloc           1%         N/A       94%         4


Dungeon Overview and Level Annotations

Branches:
Dungeon (6/15)
 Temple: D:4-7

Altars:
Vehumet

Shops:
D:2 (:


Innate Abilities, Weirdness & Mutations

You are amphibious.
You cover ground slowly.
You can hop short distances.
You have an extended range of vision and can be seen from far away.


Message History

The kobold is severely wounded.
The jackal barely misses you. The kobold hits you but does no damage.
You hit the kobold.
The kobold is severely wounded.
The jackal closely misses you. The kobold barely misses you.
The jackal misses you.
You hit the kobold.
You kill the kobold!
You enter the deep water.
The jackal barely misses you. The jackal closely misses you.
You barely miss the jackal. The jackal misses you.
The kobold completely misses you.
You hit the jackal.
You kill the jackal!
The kobold barely misses you.
You hit the kobold.
You kill the kobold!
No target in view!
Found a stone staircase leading down.
Found a stone staircase leading down.
A jackal comes into view.
The jackal barks!
You hear a bark!
A jackal comes into view.
The jackal barks!
A jackal comes into view.
There is a stone staircase leading down here.
You slash the jackal!
You kill the jackal!
No target in view!
You hit the jackal.
You kill the jackal!
The jackal closely misses you. The jackal barely misses you.
You closely miss the jackal. The jackal barely misses you.
You hit the jackal.
You kill the jackal!
You have reached level 4!
You feel agile.
You climb downwards.
Found a stone staircase leading down.
There is a stone staircase leading up here.
There is a stone staircase leading down here.
You climb downwards.
Found a stone staircase leading down.
There is a stone staircase leading up here.
There is a stone staircase leading down here.
You climb downwards.
There is a stone staircase leading up here.
You climb upwards.
There is a stone staircase leading down here.
There is a stone staircase leading up here.
You climb upwards.
There is a stone staircase leading down here.
A kobold comes into view.
It is wielding a +0 club and quivering poisoned darts.
The kobold moves out of view.
The kobold throws a poisoned dart.
The poisoned dart closely misses you.
An iguana comes into view.
Found a stone staircase leading down.
The iguana hisses angrily.
You barely miss the kobold. The kobold hits you but does no damage.
You hit the kobold.
The kobold is moderately wounded.
The kobold hits you but does no damage. The kobold closely misses you.
You slash the kobold!
You kill the kobold!
Things that are here:
a +0 club; 5 poisoned darts You barely miss the iguana.
The iguana closely misses you.
A howler monkey comes into view.
The howler monkey howls!
You hit the iguana but do no damage.
The howler monkey hoots and howls with incredible vigour!
The iguana bites you!
You hear a shout!
You hit the iguana but do no damage. The iguana bites you!
You hit the iguana.
The iguana is lightly wounded.
The iguana closely misses you.
You barely miss the iguana.
The iguana is lightly wounded.
The iguana bites you!
Unknown command.
Hop to where?
Press: ? - help, Dir - move target Boing!
There is a stone staircase leading down here.
You climb downwards.
There is a stone staircase leading up here.
There is a stone staircase leading down here.
An orc and an orc priest come into view.
The orc priest is wielding a +1 whip of draining.
Found an escape hatch in the ceiling.
The orc shouts!
The orc priest shouts!
An orc priest comes into view. It is wielding a +0 dagger.
The orc priest shouts!
An orc priest comes into view. It is wielding a +0 hand axe.
The orc priest casts a cantrip, but nothing happens.
Unknown command.
The orc priest shouts!
The orc throws a boomerang.
The boomerang hits you.
You die...

#.o#. #...< #..o#
#.oo# #...#
#...### .....#
########..#.#####
#...<.>@........#
#.#########.###.#


You could see 3 orc priests and an orc.

Vanquished Creatures
  An adder (D:3)
  2 dart slugs (D:2)
  2 bats (D:1)
  2 endoplasms (D:2)
  2 giant cockroaches (D:1)
  2 goblins
  A hobgoblin (D:1)
  10 jackals
  8 kobolds
  A quokka (D:1)
  4 ball pythons
  A frilled lizard (D:2)
  4 rats (D:2)
40 creatures vanquished.

Notes
Turn   | Place    | Note
-------+----------+-------------------------------------------
     0 | D:1      | browni3141 the Barachi Monk began the quest for the Orb.
     0 | D:1      | Reached XP level 1. HP: 18/18 MP: 1/1
    89 | D:2      | Reached XP level 2. HP: 25/25 MP: 2/2
   165 | D:2      | Found Siethrar's Weapon Emporium.
   192 | D:2      | Found a faded altar of an unknown god.
   265 | D:2      | Reached skill level 1 in Spellcasting
   285 | D:1      | Reached XP level 3. HP: 15/30 MP: 3/5
   442 | D:2      | Found Fuzaehat's Book Boutique.
   505 | D:3      | HP: 1/30 [adder (4)]
   519 | D:3      | Found a radiant altar of Vehumet.
   562 | D:3      | Reached XP level 4. HP: 32/37 MP: 7/7
   572 | D:5      | Entered Level 5 of the Dungeon
   596 | D:4      | HP: 1/37 [iguana (11)]
   605 | D:5      | Hit by a boomerang thrown by an orc

Illustrated notes

Levels and vault maps discovered:
D:1:      shiori_angband_town, layout_basic
D:2:      layout_rooms, basic_ecumenical_altar, serial_shops,
          nicolae_book_shop_shelving, shop
D:3:      minmay_inner_zag, layout_loops_corners,
          mainiacjoe_overflow_concentric_impassable
D:4:      layout_layer_cave, nemelex_xobeh_ov_fountains_minmay,
          ebering_ghost_rock_garden, kennysheep_generic_room_8, uniq_ijyb,
          uniq_menkaure, uniq_robin, uniq_pargi
D:5:      layout_loops_ring, lemuel_round_altar, minmay_stone_trees_small,
          minmay_small_thing
D:6:      layout_loops_corners, lemuel_tele_altar, nicolae_ru_path_of_blood,
          minmay_temple_entry_enclosed_plants, kennysheep_generic_room_9

Skill      XL: |  1  2  3 |
---------------+----------+-----
Spellcasting   | 1 2 |  2.7
Fighting       | |  3.9
Long Blades    | |  3.9
Dodging        | |  3.5

Action                     |  1- 3 |  4- 6 || total
---------------------------+-------+-------++-------
  Melee: Falchion          |   111 |     8 ||   119
Ability: Hop               |     2 |     1 ||     3
    Use: Potion            |     1 |       ||     1
 Armour: Robe              |    46 |     6 ||    52
  Dodge: Dodged            |    92 |     4 ||    96
